 Dungeon Crawl Stone Soup version 0.30.1-1-g62c8e00024 (webtiles) character file.

Game seed: 14264919262338670082

3049 Ijustatesigmund the Trooper (level 9, 0/63 HPs)
             Began as an Octopode Artificer on July 14, 2023.
             Was an Initiate of Cheibriados.
             Slain by a bullfrog (6 damage)
             ... on level 8 of the Dungeon.
             The game lasted 00:16:02 (8416 turns).

Ijustatesigmund the Trooper (Octopode Artificer)    Turns: 8416, Time: 00:16:03

Health: 0/63       AC:  1    Str: 13    XL:     9   Next: 87%
Magic:  17/17      EV: 14    Int: 18    God:    Cheibriados [......]
Gold:   262        SH:  0    Dex: 19    Spells: 15/19 levels left

rFire   . . .        a - +1 quarterstaff (heavy)
rCold   . . .        (shield currently unavailable)
rNeg    . . .        (helmet restricted)
rPois   .            (no amulet)
rElec   .            x - +6 ring of dexterity
rCorr   .            (no ring)
SInv    .            (no ring)
Will    .....        (no ring)
Stlth   +++          (no ring)
HPRegen 0.30/turn    (no ring)
MPRegen 0.15/turn    (no ring)
                     (no ring)

%: no passive effects
@: very slow
A: almost no armour, amphibious, 8 rings, camouflage 1, gelatinous body 1,
(nimble swimmer 1), tentacles
a: Renounce Religion


You were on level 8 of the Dungeon.
You worshipped Cheibriados.
Cheibriados was noncommittal.
You visited 2 branches of the dungeon, and saw 9 of its levels.

You collected 478 gold pieces.
You spent 216 gold pieces at shops.

Inventory:

Hand Weapons
 a - a +1 heavy quarterstaff (weapon)
Missiles
 n - 2 throwing nets
Jewellery
 i - a ring of protection from cold
 j - a ring of ice
 x - a +6 ring of dexterity (left tentacle)
Wands
 b - a wand of flame (9) (quivered)
 c - a wand of charming (9)
 d - a wand of iceblast (1)
 m - a wand of polymorph (6)
Scrolls
 g - 2 scrolls of poison
 l - a scroll of blinking
 o - a scroll of teleportation
 p - a scroll of fear
 s - a scroll of brand weapon
Potions
 e - 2 potions of magic
 h - 2 potions of haste
 k - a potion of resistance
 r - a potion of brilliance
 t - 4 potions of curing
 z - a potion of lignification {unknown}
 A - a potion of ambrosia {unknown}


   Skills:
 - Level 6.9 Fighting
 - Level 3.0 Staves
 - Level 2.3 Dodging
 - Level 1.3 Stealth
 + Level 5.7 Spellcasting
 + Level 6.3 Conjurations
 + Level 3.7 Air Magic
 + Level 4.5 Poison Magic
 + Level 2.3 Invocations
 - Level 3.2 Evocations


You had 15 spell levels left.
You knew the following spells:

 Your Spells              Type           Power      Damage    Failure   Level
a - Magic Dart            Conj           100%       1d8       1%          1
b - Mephitic Cloud        Conj/Pois/Air  22%        N/A       4%          3

Your spell library contained the following spells:

 Spells                   Type           Power      Damage    Failure   Level
 Call Imp                 Summ           10%        N/A       19%         2
 Malign Gateway           Summ/Tloc      2%         N/A       100%        7
 Summon Horrible Things   Summ           2%         N/A       100%        8


Dungeon Overview and Level Annotations

Branches:
Dungeon (8/15)             Temple (1/1) D:6
   Lair: D:8-11

Altars:
Ashenzari
Cheibriados
Dithmenos
Elyvilon
Fedhas
Gozag
Hepliaklqana
Kikubaaqudgha
Makhleb
Nemelex Xobeh
Okawaru
Qazlal
Ru
Sif Muna
Trog
Vehumet
Wu Jian
Xom
Yredelemnul
Zin
The Shining One

Shops:
D:1 :


Innate Abilities, Weirdness & Mutations

You cannot wear most types of armour.
You are amphibious.
You can wear up to eight rings at the same time.
Your skin changes colour to match your surroundings (Stealth+).
Your rubbery body absorbs attacks. (AC +1, EV +1)
((You are camouflaged when in or above water. (Stealth+)))
You have tentacles for arms and can constrict up to eight enemies at once.


Message History

You closely miss something. Something barely misses you.
You miss something. You squeeze something! Something hits you.
Something shocks you. Something barely misses you.
You hit something. You squeeze something. Something hits you.
Something shocks you. Something completely misses you.
Okay, then.
You closely miss something. Something hits you but does no damage.
Aiming: Iceblast
Press: ? - help, Shift-Dir - straight line The mass of ice explodes!
The iceblast engulfs something!
Cheibriados appreciates the change of pace.
Reactivating autopickup.
You feel a bit more experienced.
You hear a loud, deep croak!
You hear an angry hiss.
A bullfrog comes into view.
You hit the bullfrog. Your grab misses the bullfrog.
The bullfrog is moderately wounded.
The bullfrog hits you. x2
* * * LOW HITPOINT WARNING * * *
You sock the bullfrog! Your grab misses the bullfrog.
The bullfrog is severely wounded.
The bullfrog completely misses you.
A water moccasin comes into view.
The bullfrog hits you!
* * * LOW HITPOINT WARNING * * *
The bullfrog closely misses you.
Aiming: Mindburst
Press: ? - help, Shift-Dir - straight line, f - bullfrog
Aim: a bullfrog (severely wounded, chance to affect: 77%)
The bullfrog barely resists.
The water moccasin hisses angrily.
The bullfrog hits you.
* * * LOW HITPOINT WARNING * * *
The bullfrog closely misses you.
Aiming: Mindburst
Press: ? - help, Shift-Dir - straight line, f/p - bullfrog
Aim: a bullfrog (severely wounded, chance to affect: 77%)
The bullfrog barely resists.
The now-empty wand crumbles to dust.
The bullfrog hits you.
You die...

..................##.#
...................).#
#####....[......#####
##########...........#
...................>##
#........?............
#..........########.###
#..........########.#
#......S...F@.......#
..........(########.#
........?..# #.#
..#####.#### . #.# #.#
#.# #.


You could see a water moccasin and a bullfrog.

Vanquished Creatures
  A two-headed ogre (D:7)
  A hornet (D:7)
  3 water moccasins
  An ice beast (D:5)
  4 sky beasts
  An orc warrior (D:7)
  2 black bears (D:5)
  A centaur (D:6)
  A phantom (D:4)
  A kobold brigand (D:7)
  A bullfrog (D:7)
  A scorpion (D:6)
  3 howler monkeys (D:7)
  A jelly (D:5)
  2 hounds
  A sleepcap (D:6)
  An orc priest (D:5)
  3 gnoll boudas
  8 iguanas
  3 orc wizards
  12 gnolls
  3 adders
  A shadow imp (D:6)
  A white imp (D:7)
  A worm (D:3)
  3 dart slugs
  8 orcs
  A ball python (D:1)
  5 endoplasms
  2 giant cockroaches
  4 hobgoblins
  9 jackals
  8 kobolds
  A quokka (D:1)
  4 bats
  2 frilled lizards
  4 goblins
  3 rats (D:1)
112 creatures vanquished.

Vanquished Creatures (collateral kills)
  3 gnolls
  An orc (D:3)
  A hobgoblin (D:3)
5 creatures vanquished.

Vanquished Creatures (others)
  2 gnolls
2 creatures vanquished.

Grand Total: 119 creatures vanquished

Notes
Turn   | Place    | Note
-------+----------+-------------------------------------------
     0 | D:1      | Ijustatesigmund the Octopode Artificer began the quest for
                  | the Orb.
     0 | D:1      | Reached XP level 1. HP: 13/13 MP: 1/1
   125 | D:1      | Reached XP level 2. HP: 16/19 MP: 2/2
   378 | D:1      | Found Lane's Book Shoppe.
   423 | D:1      | Reached XP level 3. HP: 9/25 MP: 3/3
   883 | D:1      | You fall into a shaft and drop 1 floor!
  1099 | D:2      | Found a snail-covered altar of Cheibriados.
  1259 | D:2      | Found a faded altar of an unknown god.
  1330 | D:2      | Reached XP level 4. HP: 33/33 MP: 4/4
  1896 | D:3      | Found a white marble altar of Elyvilon.
  2271 | D:4      | Reached XP level 5. HP: 37/38 MP: 5/5
  2571 | D:4      | Reached skill level 5 in Fighting
  2837 | D:5      | Entered Level 5 of the Dungeon
  2994 | D:5      | Reached XP level 6. HP: 36/46 MP: 6/6
  3075 | D:5      | Noticed a black bear
  3079 | D:5      | Killed a black bear
  3361 | D:1      | Bought a book of Minor Magic for 216 gold pieces
  3363 | D:1      | Learned a level 1 spell: Magic Dart
  3441 | D:5      | Reached XP level 7. HP: 48/53 MP: 7/7
  3459 | D:4      | Reached skill level 1 in Spellcasting
  3459 | D:4      | Reached skill level 1 in Conjurations
  4448 | D:6      | Reached XP level 8. HP: 49/58 MP: 12/12
  5194 | D:6      | Found a staircase to the Ecumenical Temple.
  5205 | Temple   | Entered the Ecumenical Temple
  5614 | D:6      | Reached skill level 1 in Staves
  5681 | D:6      | Learned a level 3 spell: Mephitic Cloud
  6137 | D:7      | Identified the +3 chain mail of Limitation {+Inv rElec
                  | SInv}
  6142 | D:7      | Reached skill level 1 in Poison Magic
  6147 | D:7      | Reached skill level 5 in Conjurations
  6147 | D:7      | Reached skill level 1 in Air Magic
  6425 | D:7      | Reached XP level 9. HP: 47/63 MP: 14/16
  6734 | D:7      | Noticed a two-headed ogre
  7003 | D:7      | Noticed a hornet
  7007 | D:7      | Killed a hornet
  7008 | D:7      | Reached skill level 5 in Spellcasting
  7114 | D:7      | Identified the +2 robe of Zoisopt {rPois rN+ Dex+3
                  | Archmagi}
  7184 | D:7      | Identified the +4 hand axe of Nuthriocs {speed, rElec rPois
                  | Dex+6}
  7794 | Temple   | Became a worshipper of Cheibriados the Contemplative
  7900 | D:7      | Killed a two-headed ogre
  8416 | D:8      | Slain by a bullfrog

Illustrated notes

Levels and vault maps discovered:
D:1:      psy_arrival_dodecagon, layout_loops_ring, serial_shops,
          nicolae_shop_hallway_plus, minmay_statues_item
D:2:      layout_rooms, basic_altar, shapermc_ecumenical_altar_gd
D:3:      layout_loops_ring, nicolae_elyvilon_temple_path,
          grunt_decor_arrowhead, minmay_ruptured
D:4:      layout_basic
D:5:      layout_basic
D:6:      layout_loops_ring, minmay_temple_entry_gardened_gates
D:7:      layout_loops_corners
D:8:      layout_basic, disabler_island, uniq_psyche
Temple:   mainiacjoe_temple_cubbyholes

Skill      XL: |  1  2  3  4  5  6  7  8  9 |
---------------+----------------------------+-----
Fighting       | 2 3 4 5 6 |  6.9
Spellcasting   | 3 4 5 |  5.7
Conjurations   | 3 5 6 |  6.3
Staves         | 2 3 |  3.0
Poison Magic   | 2 4 |  4.5
Air Magic      | 1 3 |  3.7
Invocations    | 2 |  2.3
Dodging        | |  2.3
Stealth        | |  1.3
Evocations     | |  3.2

Action                     |  1- 3 |  4- 6 |  7- 9 || total
---------------------------+-------+-------+-------++-------
  Melee: Club              |    55 |       |       ||    55
         Constrict         |    21 |    21 |    27 ||    69
         Tentacles         |    14 |    24 |    32 ||    70
         Dagger            |    13 |    67 |    62 ||   142
         Punch             |       |     2 |     2 ||     4
         Quarterstaff      |       |       |    63 ||    63
   Cast: Magic Dart        |       |       |    55 ||    55
         Mephitic Cloud    |       |       |    11 ||    11
  Evoke: Wand              |     5 |     5 |    15 ||    25
    Use: Scroll            |       |     4 |    16 ||    20
         Potion            |       |       |     2 ||     2
   Stab: Sleeping          |     8 |     3 |     2 ||    13
         Distracted        |       |     1 |       ||     1
         Confused          |       |       |     3 ||     3
 Armour: Skin              |     5 |     6 |    10 ||    21
  Dodge: Dodged            |    41 |    36 |    77 ||   154
